 Dungeon Crawl Stone Soup version 0.29-a0-613-gf2c431b9b9 (webtiles) character file.

Game seed: 4101034051251050527

39 bande the Covered (level 3, 0/24 HPs)
             Began as a Gargoyle Fighter on June 16, 2022.
             Slain by a gnoll
             ... wielding a +0 whip
              (3 damage)
             ... on level 1 of the Dungeon.
             The game lasted 00:01:13 (2438 turns).

bande the Covered (Gargoyle Fighter)                Turns: 2438, Time: 00:01:13

Health: 0/24       AC: 10    Str: 19    XL:     3   Next: 47%
Magic:  3/3        EV:  9    Int:  8    God:
Gold:   50         SH:  4    Dex: 11    Spells: 2/2 levels left

rFire   . . .      SeeInvis .   a - +0 war axe
rCold   . . .      Faith    .   c - +0 buckler
rNeg    + . .      Spirit   .   b - +0 scale mail
rPois   ∞          Reflect  .   (no helmet)
rElec   +          Harm     .   (no cloak)
rCorr   .          Rampage  .   (no gloves)
Will    .....                   (no boots)
Stlth   ..........              (no amulet)
HPRegen 0.08/turn               (no ring)
MPRegen 0.08/turn               (no ring)

@: no status effects
A: sickness immunity, AC +3, negative energy resistance 1, electricity
resistance, torment resistance 1, petrification resistance
a: no special abilities


You were on level 1 of the Dungeon.
You visited 1 branch of the dungeon, and saw 2 of its levels.

You collected 50 gold pieces.

Inventory:

Hand Weapons
 a - a +0 war axe (weapon)
Armour
 b - a +0 scale mail (worn)
 c - a +0 buckler (worn)
Scrolls
 h - 2 scrolls of identify {unknown}
 i - a scroll of teleportation {unknown}
Potions
 d - a potion of might
 e - a potion of mutation {unknown}
 f - a potion of brilliance {unknown}
 g - a potion of attraction {unknown}


   Skills:
 + Level 3.6 Fighting
 + Level 2.4 Axes
 + Level 3.7 Armour
 + Level 3.5 Shields


You had 2 spell levels left.
You didn't know any spells.
Your spell library was empty.

Dungeon Overview and Level Annotations

Branches:
Dungeon (2/15)

Altars:


Innate Abilities, Weirdness & Mutations

You are immune to sickness and miasma.
Your stone body is resilient. (AC +3)
You are immune to poison.
You resist negative energy. (rN+)
You are resistant to electric shocks. (rElec)
You are resistant to unholy torment.
You are immune to petrification.


Message History

You climb downwards.
The gnoll hits you but does no damage.
There is a stone staircase leading up here.
You see here a throwing net.
The gnoll hits you with a +0 whip.
You climb upwards.
There is a stone staircase leading down here.
You completely miss the gnoll. The gnoll hits you with a +0 whip.
You hit the gnoll but do no damage. The gnoll barely misses you.
The gnoll hits you with a +0 whip.
You hit the gnoll but do no damage. The gnoll hits you with a +0 whip.
You are too injured to fight recklessly!
You are too injured to fight recklessly!
You are too injured to fight recklessly!
You are too injured to fight recklessly!
You are too injured to fight recklessly!
You barely miss the gnoll.
The gnoll hits you but does no damage. x2
You hit the gnoll.
The gnoll is lightly wounded.
The gnoll barely misses you.
You barely miss the gnoll.
The gnoll is lightly wounded.
The gnoll hits you with a +0 whip. The gnoll hits you but does no damage.
You hit the gnoll but do no damage.
The gnoll is lightly wounded.
The gnoll barely misses you.
You hit the gnoll.
The gnoll is moderately wounded.
The gnoll hits you with a +0 whip.
* * * LOW HITPOINT WARNING * * *
You closely miss the gnoll.
The gnoll is moderately wounded.
The gnoll barely misses you. x2
You slash the gnoll!
The gnoll is almost dead.
The gnoll hits you with a +0 whip.
* * * LOW HITPOINT WARNING * * *
You closely miss the gnoll.
The gnoll is almost dead.
The gnoll hits you with a +0 whip.
You die...

#......# ##.## #.###.# #.######
#.# #.# #.# #.# #.# #.###.##
####.### ##'## #....... #......#
##...## #####.## #.##.#.#
##.....## #....... #.##.#.##
##.......## ##)##..##
#.##....####.........####...#.###
#.##.......'...)@g...'...........
#.##....####.........####...#.###
#.##.#.## ##.......## ##.......
#.##.#.# ##.....## ####.###
#.[....# ##...## #)# ####.###
##+## #.# #.# #.# #.# ####.####
#.# #.# ........# ##.## #.#


You could see a gnoll.

Vanquished Creatures
  A gnoll (D:1)
  An adder (D:1)
  A dart slug (D:1)
  3 endoplasms (D:1)
  A hobgoblin (D:1)
  4 jackals (D:1)
  2 kobolds (D:1)
  A quokka (D:1)
  A frilled lizard (D:1)
  2 rats (D:1)
17 creatures vanquished.

Notes
Turn   | Place    | Note
-------+----------+-------------------------------------------
     0 | D:1      | bande the Gargoyle Fighter began the quest for the Orb.
     0 | D:1      | Reached XP level 1. HP: 14/14 MP: 1/1
    56 | D:1      | Found a faded altar of an unknown god.
   523 | D:1      | Reached XP level 2. HP: 15/19 MP: 2/2
  1846 | D:1      | Reached XP level 3. HP: 17/23 MP: 3/3
  2438 | D:1      | Slain by a gnoll

Illustrated notes

Levels and vault maps discovered:
D:1:      mushboom_english_gardens, layout_loops_corners,
          ebering_ecumenical_altar_sacrificial
D:2:      layout_loops_ring, serial_shops, nicolae_shop_bloodbath_and_beyond,
          minmay_randomly_rotated_circles

Skill      XL: |  1  2 |
---------------+-------+-----
Axes           | 2 |  2.4
Fighting       | |  3.6
Armour         | |  3.7
Shields        | |  3.5

Action                   || total
-------------------------++-------
Melee: War axe           ||    74
Armor: Scale mail        ||    66
Dodge: Dodged            ||    47
Block: Buckler           ||    14

Table legend: (Time is in decaauts)
 A = Elapsed time spent in this place.
 B = Non-inter-level travel time spent in this place.
 C = Inter-level travel time spent in this place.
 D = Time resting spent in this place.
 E = Time spent auto-exploring this place.
 F = Levels seen in this place.
 G = Mean time per level.
                   A        B        C        D        E       F      G
               +--------+--------+--------+--------+--------+-----+--------+
         Total |   2472 |   2456 |     16 |   1248 |   1016 |   2 | 1236.0 |
       Dungeon |   2472 |   2456 |     16 |   1248 |   1016 |   2 | 1236.0 |
               +--------+--------+--------+--------+--------+-----+--------+

Top non-repeatable levels by time:
     D:1: 2456 daAuts
     D:2: 16 daAuts
